 Dungeon Crawl Stone Soup version 0.30-a0-778-g2ef04afb54 (webtiles) character file.

Game seed: 16292502719955934570

399 octoduck the Reanimator (level 6, -5/41 HPs)
             Began as a Demonspawn Necromancer on Feb 15, 2023.
             Slain by an ogre
             ... wielding a +0 giant club
              (24 damage)
             ... on level 5 of the Dungeon.
             The game lasted 00:11:14 (4953 turns).

octoduck the Reanimator (Demonspawn Necromancer)    Turns: 4953, Time: 00:11:15

Health: -5/41      AC:  2    Str:  8    XL:     6   Next: 53%
Magic:  2/9        EV: 14    Int: 18    God:
Gold:   272        SH:  0    Dex: 14    Spells: 5/9 levels left

rFire   . . .      SeeInvis .    p - +0 falchion
rCold   . . .      Faith    .    (no shield)
rNeg    . . .      Spirit   .    a - +0 robe
rPois   .          Reflect  .    (no helmet)
rElec   .          Harm     .    (no cloak)
rCorr   .          Rampage  .    (no gloves)
Will    .....                    (no boots)
Stlth   ++                       (no amulet)
HPRegen 0.26/turn                (no ring)
MPRegen 0.11/turn                (no ring)

@: no status effects
A: hooves 1, repulsion field 1, demonic guardian 2
a: no special abilities


You were on level 5 of the Dungeon.
You visited 2 branches of the dungeon, and saw 6 of its levels.

You collected 272 gold pieces.

Inventory:

Hand Weapons
 d - a +0 mace
 p - a +0 falchion (weapon)
 v - a +1 dagger of venom
Missiles
 f - 6 atropa-tipped darts
Armour
 a - a +0 robe (worn)
 e - a +0 ring mail
Jewellery
 i - a ring of fire
 l - a ring of wizardry
 r - a ring of ice
Wands
 w - a wand of roots (8)
 x - a wand of mindburst (22)
Scrolls
 g - a scroll of immolation {unknown}
 m - a scroll of fog {unknown}
 n - a scroll of amnesia
 o - a scroll of magic mapping {unknown}
 s - a scroll of fear {unknown}
 t - a scroll of acquirement {unknown}
 u - a scroll of identify
 y - a scroll of enchant armour {unknown}
Potions
 b - 2 potions of magic
 c - 4 potions of curing
 h - a potion of heal wounds
 j - a potion of berserk rage {unknown}
 k - a potion of cancellation {unknown}
 q - a potion of resistance {unknown}
 z - a potion of invisibility {unknown}


   Skills:
 - Level 1.7 Dodging
 - Level 1.7 Stealth
 - Level 2.0 Spellcasting
 + Level 8.7 Necromancy


You had 5 spell levels left.
You knew the following spells:

 Your Spells              Type           Power      Damage    Failure   Level
a - Necrotise             Necr           100%       1d9       1%          1
b - Vampiric Draining     Necr           33%        2d8       1%          3

Your spell library contained the following spells:

 Spells                   Type           Power      Damage    Failure   Level
 Animate Dead             Necr           33%        N/A       4%          4
 Agony                    Necr           33%        N/A       14%         5
 Portal Projectile        Hex/Tloc       2%         N/A       47%         3
 Tukima's Dance           Hex            1%         N/A       47%         3
 Blade Hands              Tmut           0%         N/A       99%         5


Dungeon Overview and Level Annotations

Branches:
Dungeon (5/15)             Temple (1/1) D:4

Altars:
Ashenzari
Dithmenos
Gozag
Hepliaklqana
Makhleb
Nemelex Xobeh
Qazlal
Ru
Sif Muna
Uskayaw
Xom
Yredelemnul

Annotations:
D:3 exclusion: black bear


Innate Abilities, Weirdness & Mutations

You have large cloven feet.
You are surrounded by a mild repulsion field. (EV +2)
A demonic guardian rushes to your aid.


Message History

Confirm with . or Enter, or press ? or * to list all spells.
Aiming: Necrotise (safe; 1% risk of failure)
Press: ? - help, Shift-Dir - straight line, f - ogre
Aim: an ogre, wielding a +0 giant club (chance to affect: 83%)
The ogre writhes in agony.
Casting: Necrotise (safe; 1% risk of failure)
Confirm with . or Enter, or press ? or * to list all spells.
Aiming: Necrotise (safe; 1% risk of failure)
Press: ? - help, Shift-Dir - straight line, f/p - ogre
Aim: an ogre, wielding a +0 giant club (lightly wounded, chance to affect: 83%)
The ogre barely resists.
The ogre closely misses you.
Casting: Necrotise (safe; 1% risk of failure)
Confirm with . or Enter, or press ? or * to list all spells.
Aiming: Necrotise (safe; 1% risk of failure)
Press: ? - help, Shift-Dir - straight line, f/p - ogre
Aim: an ogre, wielding a +0 giant club (lightly wounded, chance to affect: 83%)
The ogre writhes in agony.
Casting: Necrotise (safe; 1% risk of failure)
Confirm with . or Enter, or press ? or * to list all spells.
Aiming: Necrotise (safe; 1% risk of failure)
Press: ? - help, Shift-Dir - straight line, f/p - ogre
Aim: an ogre, wielding a +0 giant club (moderately wounded, chance to affect: 83%)
The ogre barely resists.
The ogre hits you with a +0 giant club!
Casting: Necrotise (safe; 1% risk of failure)
Confirm with . or Enter, or press ? or * to list all spells.
Aiming: Vampiric Draining (safe; 1% risk of failure)
Press: ? - help, Shift-Dir - straight line, f/p - ogre
Aim: an ogre, wielding a +0 giant club (moderately wounded)
You draw life force from the ogre!
You feel life coursing into your body.
The ogre hits you with a +0 giant club!!
Casting: Vampiric Draining (safe; 1% risk of failure)
Confirm with . or Enter, or press ? or * to list all spells.
You don't have enough magic to cast this spell.
You hit the ogre. You kick the ogre.
The ogre is almost dead.
You hit the ogre. You kick the ogre, but do no damage.
The ogre is almost dead.
The ogre hits you with a +0 giant club!!
Ouch! That really hurt!
You die...

..# #.# #.# #.# ######.#
#......# #########
##.####.###........
...###...##.######
<......#........@#
######...##.###.#O......
# ##.###.##.###.##### #
#. #.#.# #.. # #. #...
### # #. ... # #. .####
# ## .


You could see an ogre.

Vanquished Creatures
  A centaur (D:5)
  A scorpion (D:4)
  A hound (D:4)
  Terence (D:3)
  3 gnolls (D:4)
  5 adders
  An ufetubus (D:4)
  A dart slug (D:2)
  8 orcs
  A bat (D:1)
  5 endoplasms
  6 goblins
  3 hobgoblins
  4 jackals (D:1)
  8 kobolds
  2 quokkas
  3 ball pythons
  A frilled lizard (D:3)
  5 rats
60 creatures vanquished.

Vanquished Creatures (collateral kills)
  An iguana (D:5)
  4 gnolls (D:5)
  An endoplasm (D:4)
  A frilled lizard (D:2)
7 creatures vanquished.

Vanquished Creatures (others)
  A plant (D:3)
1 creature vanquished.

Grand Total: 68 creatures vanquished

Notes
Turn   | Place    | Note
-------+----------+-------------------------------------------
     0 | D:1      | octoduck the Demonspawn Necromancer began the quest for the
                  | Orb.
     0 | D:1      | Reached XP level 1. HP: 13/13 MP: 3/3
   432 | D:1      | Upgraded the game from 0.30-a0-777-ga9a30cbeda to
                  | 0.30-a0-778-g2ef04afb54
   867 | D:1      | Gained mutation: You are surrounded by a mild repulsion
                  | field. (EV +2) [demonic ancestry]
   867 | D:1      | Reached XP level 2. HP: 19/19 MP: 3/5
   979 | D:1      | Reached skill level 5 in Necromancy
  1654 | D:2      | Reached XP level 3. HP: 24/24 MP: 3/6
  2070 | D:2      | Learned a level 3 spell: Vampiric Draining
  2075 | D:3      | Found a sacrificial altar of Ru.
  2117 | D:3      | Reached skill level 6 in Necromancy
  2601 | D:3      | Gained mutation: A weak demonic guardian rushes to your
                  | aid. [demonic ancestry]
  2601 | D:3      | Reached XP level 4. HP: 30/30 MP: 5/7
  2856 | D:3      | Noticed a black bear
  2874 | D:3      | Found a faded altar of an unknown god.
  2896 | D:3      | Noticed Terence
  2913 | D:3      | Killed Terence
  3630 | D:4      | Reached skill level 7 in Necromancy
  3630 | D:4      | Gained mutation: A demonic guardian rushes to your aid.
                  | [demonic ancestry]
  3630 | D:4      | Reached XP level 5. HP: 14/35 MP: 1/8
  3750 | D:4      | Noticed an ice beast
  3945 | D:4      | Found a staircase to the Ecumenical Temple.
  3955 | Temple   | Entered the Ecumenical Temple
  4763 | D:5      | Entered Level 5 of the Dungeon
  4778 | D:5      | Reached skill level 8 in Necromancy
  4779 | D:5      | Gained mutation: You have large cloven feet. [demonic
                  | ancestry]
  4779 | D:5      | Reached XP level 6. HP: 37/41 MP: 6/9
  4953 | D:5      | Slain by an ogre

Illustrated notes

Levels and vault maps discovered:
D:1:      psy_arrival_wood_between_worlds, layout_loops_corners, st_stairs_5
D:2:      layout_rooms
D:3:      layout_loops_ring, mainiacjoe_overflow_boulevard,
          hellmonk_ecumenical_altar_pennies_from_heaven, serial_bayou_lagoon_b,
          uniq_terence
D:4:      layout_basic, minmay_temple_entry_offerings,
          minmay_fractal_squares_gapless_5
D:5:      layout_loops_ring, serial_shops, shop, kennysheep_nondescript,
          grunt_ministairs_11
Temple:   nicolae_temple_ecumenical_triangle

Skill      XL: |  1  2  3  4  5 |
---------------+----------------+-----
Necromancy     | 5 6 7 8 |  8.7
Dodging        | |  1.7
Stealth        | |  1.7
Spellcasting   | |  2.0

Action                     |  1- 3 |  4- 6 || total
---------------------------+-------+-------++-------
  Melee: Mace              |     9 |       ||     9
         Falchion          |     6 |    16 ||    22
         Kick              |       |     2 ||     2
   Cast: Necrotise         |    66 |    56 ||   122
         Vampiric Draining |       |     5 ||     5
    Use: Scroll            |     4 |     1 ||     5
 Armour: Robe              |     5 |     8 ||    13
  Dodge: Dodged            |    15 |    45 ||    60

Table legend: (Time is in decaauts)
 A = Elapsed time spent in this place.
 B = Non-inter-level travel time spent in this place.
 C = Inter-level travel time spent in this place.
 D = Time resting spent in this place.
 E = Time spent auto-exploring this place.
 F = Levels seen in this place.
 G = Mean time per level.
                   A        B        C        D        E       F      G
               +--------+--------+--------+--------+--------+-----+--------+
         Total |   4989 |   4579 |    410 |   1249 |   2544 |   6 |  831.5 |
       Dungeon |   4944 |   4547 |    397 |   1249 |   2519 |   5 |  988.8 |
        Temple |     44 |     31 |     13 |      0 |     25 |   1 |   44.0 |
               +--------+--------+--------+--------+--------+-----+--------+

Top non-repeatable levels by time:
     D:4: 1495 daAuts
     D:1: 1340 daAuts
     D:3: 1185 daAuts
     D:2: 733 daAuts
     D:5: 190 daAuts
  Temple: 44 daAuts
